 Dungeon Sprint DCSS version 0.30.1-9-gdf580d7c3d (webtiles) character file.

Game seed: 5989672745904109431

2098 Heoruswealwe the Phalangite (level 9, -2/105 HPs)
             Began as a Minotaur Fighter on Sept 27, 2023.
             Was an Initiate of Gozag.
             Slain by an 11-headed hydra (4 damage)
             ... in the Dungeon (Sprint IX: "|||||||||||||||||||||||||||||").
             The game lasted 00:06:53 (534 turns).

Heoruswealwe the Phalangite (Minotaur Fighter)       Turns: 534, Time: 00:06:53

Health: -2/105     AC: 12    Str: 29    XL:     9   Next: 7%
Magic:  8/8        EV:  9    Int:  5    God:    Gozag
Gold:   990        SH:  0    Dex:  9    Spells: 8/8 levels left

rFire   . . .        b - +2 halberd (venom)
rCold   . . .        (shield currently unavailable)
rNeg    . . .        c - +1 chain mail
rPois   .            (helmet restricted)
rElec   .            h - +0 cloak
rCorr   .            f - +0 pair of gloves
SInv    .            (no boots)
Will    .....        (no amulet) Stlth
                     k - +3 ring of strength
HPRegen 0.37/turn    (no ring)
MPRegen 0.11/turn

%: no teleportation
@: berserking, gold aura, very quick
A: horns 2, retaliatory headbutt
a: Renounce Religion, Potion Petition, Call Merchant, Bribe Branch


You were in the Dungeon.
You worshipped Gozag.
Gozag was pleased with you.
You visited 1 branch You collected 990 gold pieces.

Inventory:

Hand Weapons
 a - a +0 trident
 b - a +2 halberd of venom (weapon)
Armour
 c - a +1 chain mail (worn)
 d - a +0 buckler
 f - a +0 pair of gloves (worn)
 h - a +0 cloak (worn)
Jewellery
 k - a +3 ring of strength (left hand)
Wands
 l - a wand of quicksilver (10)
Scrolls
 j - 2 scrolls of blinking
 o - 3 scrolls of enchant weapon
 p - 4 scrolls of enchant armour
Potions
 e - 6 potions of curing
 g - 2 potions of haste
 n - a potion of might


   Skills:
 - Level 3.6 Fighting
 + Level 23.2 Polearms
 - Level 3.6 Armour
 - Level 3.6 Shields


You had 8 spell levels left.
You didn't know any spells.
Your spell library contained the following spells:

 Spells                   Type           Power      Damage    Failure   Level
 Inner Flame              Hex/Fire       0%         N/A       100%        3
 Fireball                 Conj/Fire      0%         3d3       100%        5
 Starburst                Conj/Fire      0%         6d3       100%        6


Dungeon Overview and Level Annotations

Branches:
Dungeon (1/1)

Altars:
Cheibriados
Dithmenos
Elyvilon
Fedhas
Gozag
Hepliaklqana
Kikubaaqudgha
Makhleb
Nemelex Xobeh
Okawaru
Qazlal
Ru
Sif Muna
Trog
Uskayaw
Vehumet
Wu Jian
Xom
Yredelemnul
Zin
The Shining One
Jiyva
Lugonu


Innate Abilities, Weirdness & Mutations

You have a pair of horns on your head.
You reflexively headbutt those who attack you in melee.


Message History

The bullfrog is distracted by your dazzling golden aura.
The seven-headed hydra closely misses you.
The seven-headed hydra bites you! x2
The seven-headed hydra bites you but does no damage.
The seven-headed hydra barely misses you.
The seven-headed hydra bites you.
The seven-headed hydra barely misses you.
You slice one of the seven-headed hydra's heads off!
The six-headed hydra grows two more!
You hit the eight-headed hydra.
The eight-headed hydra is poisoned.
The eight-headed hydra is lightly wounded.
You chop one of the eight-headed hydra's heads off!
The seven-headed hydra grows two more!
You impale the nine-headed hydra!!
The nine-headed hydra is moderately wounded.
The nine-headed hydra bites you!
The nine-headed hydra closely misses you.
The nine-headed hydra bites you. x2
* * * LOW HITPOINT WARNING * * *
The nine-headed hydra bites you!
* * * LOW HITPOINT WARNING * * *
The nine-headed hydra bites you but does no damage.
The nine-headed hydra barely misses you.
The nine-headed hydra bites you!
* * * LOW HITPOINT WARNING * * *
The nine-headed hydra bites you.
* * * LOW HITPOINT WARNING * * *
You chop one of the nine-headed hydra's heads off!
The eight-headed hydra grows two more!
You puncture the ten-headed hydra!
The ten-headed hydra is moderately wounded.
You chop one of the ten-headed hydra's heads off!
The nine-headed hydra grows two more!
You slice the 11-headed hydra!!
The 11-headed hydra is severely wounded.
The 11-headed hydra bites you!
* * * LOW HITPOINT WARNING * * *
The 11-headed hydra bites you.
* * * LOW HITPOINT WARNING * * *
The 11-headed hydra bites you but does no damage.
The 11-headed hydra bites you.
You die...
Your body crumbles into a pile of gold.

▓_▓.▓ $
▓_▓.▓.▓
▓_▓.▓.▓
$
▓_▓.▓F▓
$
▓_▓.▓.▓
$
▓_▓.▓l▓
$
▓_▓.▓S▓
$
▓_▓.▓D▓
$
▓_▓.▓@▓
$
▓_▓.▓?▓
$
▓_▓.▓.▓
$
▓_▓.▓?▓
$
▓'▓.▓.▓
$
▓.▓.▓)▓
$
▓.▓.▓.▓
$
▓.▓.▓.▓
▓.▓.▓!▓


You could see a skyshark, a 11-headed hydra (very poisoned), a water moccasin
and a bullfrog.

Vanquished Creatures
  2 komodo dragons (D)
  A troll (D)
  A slime creature (D)
  2 basilisks (D)
  2 wraiths (D)
  An acid dragon (D)
  An orc warrior (D)
  2 centaurs (D)
  A bullfrog (D)
  A gnoll sergeant (D)
  A howler monkey (D)
  A sleepcap (D)
  2 iguanas (D)
  2 orc wizards (D)
  An ufetubus (D)
  A dart slug (D)
  A kobold (D)
  3 ball pythons (D)
  A rat (D)
27 creatures vanquished.

Notes
Turn   | Place    | Note
-------+----------+-------------------------------------------
     0 | D        | Heoruswealwe the Minotaur Fighter began the quest for the
                  | Orb.
     0 | D        | Reached XP level 1. HP: 19/19 MP: 0/0
     6 | D        | Reached skill level 3 in Polearms
     9 | D        | Reached skill level 4 in Polearms
    18 | D        | Noticed an iguana
    18 | D        | Noticed an iguana
    18 | D        | Noticed a sleepcap
    37 | D        | Reached skill level 5 in Polearms
    37 | D        | Reached XP level 2. HP: 8/26 MP: 1/1
    40 | D        | Reached skill level 6 in Polearms
    45 | D        | Reached skill level 8 in Polearms
    45 | D        | Reached XP level 3. HP: 27/31 MP: 2/2
    48 | D        | Reached skill level 9 in Polearms
    63 | D        | Reached skill level 10 in Polearms
    63 | D        | Reached XP level 4. HP: 6/39 MP: 3/3
    69 | D        | Found a snail-covered altar of Cheibriados.
    69 | D        | Found a shadowy altar of Dithmenos.
    69 | D        | Found a white marble altar of Elyvilon.
    69 | D        | Found a blossoming altar of Fedhas.
    69 | D        | Found an opulent altar of Gozag.
    70 | D        | Found a hazy altar of Hepliaklqana.
    71 | D        | Found a viscous altar of Jiyva.
    72 | D        | Found an ancient bone altar of Kikubaaqudgha.
    73 | D        | Found a corrupted altar of Lugonu.
    74 | D        | Found a burning altar of Makhleb.
    75 | D        | Found a sparkling altar of Nemelex Xobeh.
    76 | D        | Found an iron altar of Okawaru.
    77 | D        | Became a worshipper of Gozag Ym Sagoz the Greedy
    78 | D        | Found a stormy altar of Qazlal.
    79 | D        | Found a sacrificial altar of Ru.
    80 | D        | Found a shimmering blue altar of Sif Muna.
    81 | D        | Found a bloodstained altar of Trog.
    82 | D        | Found a hide-covered altar of Uskayaw.
    83 | D        | Found a radiant altar of Vehumet.
    84 | D        | Found an ornate altar of the Wu Jian Council.
    85 | D        | Found a shimmering altar of Xom.
    86 | D        | Found a basalt altar of Yredelemnul.
    87 | D        | Found a glowing silver altar of Zin.
    88 | D        | Found a glowing golden altar of the Shining One.
   188 | D        | Noticed a centaur
   188 | D        | Noticed a centaur
   188 | D        | Noticed an orc warrior
   194 | D        | Reached skill level 11 in Polearms
   196 | D        | Killed an orc warrior
   197 | D        | Reached skill level 13 in Polearms
   197 | D        | Reached XP level 5. HP: 29/45 MP: 4/4
   201 | D        | Reached skill level 14 in Polearms
   204 | D        | Killed a centaur
   205 | D        | Reached skill level 15 in Polearms
   205 | D        | Reached XP level 6. HP: 35/51 MP: 5/5
   211 | D        | Reached skill level 16 in Polearms
   274 | D        | Noticed an acid dragon
   274 | D        | Noticed a wraith
   274 | D        | Noticed a wraith
   274 | D        | Noticed a slime creature
   274 | D        | Noticed a troll
   278 | D        | Killed a troll
   279 | D        | Reached skill level 18 in Polearms
   279 | D        | Reached XP level 7. HP: 46/57 MP: 6/6
   289 | D        | Killed a slime creature
   290 | D        | Reached skill level 19 in Polearms
   293 | D        | Killed a wraith
   299 | D        | Killed a wraith
   300 | D        | Reached skill level 20 in Polearms
   300 | D        | Reached XP level 8. HP: 20/64 MP: 7/7
   491 | D        | Got the Tractate on the Arsonist
   501 | D        | Noticed a komodo dragon
   501 | D        | Noticed a komodo dragon
   502 | D        | Noticed a seven-headed hydra
   513 | D        | Reached skill level 21 in Polearms
   514 | D        | Killed a komodo dragon
   515 | D        | Reached skill level 22 in Polearms
   518 | D        | Noticed a skyshark
   529 | D        | Killed a komodo dragon
   530 | D        | Reached skill level 23 in Polearms
   530 | D        | Reached XP level 9. HP: 53/70 MP: 8/8
   534 | D        | HP: 5/105 [11-headed hydra (8)]
   534 | D        | HP: 2/105 [11-headed hydra (3)]
   534 | D        | Slain by an 11-headed hydra

Illustrated notes

Levels and vault maps discovered:
D:        linesprint [early_d, line_temple, items_1, d_10, items_2, lair_1,
          lair_end, items_3, orc_1, orc_end, items_4, d_15, swamp_1, shoals_1,
          snake_1, spider_1, d_20, vaults_1, items_5, swamp_end, shoals_end,
          snake_end, spider_end, vaults_end, d_27, items_6, zot_1, zot_end,
          crypt_end, forest_end, elf_end, slime_end, tomb_end, abyss_end,
          pan_hell_end]

Skill      XL: |  1  2  3  4  5  6  7  8 |
---------------+-------------------------+-----
Polearms       | 5 8 10 13 15 18 20 23 | 23.2
Fighting       | |  3.6
Armour         | |  3.6
Shields        | |  3.6

Action                     |  1- 3 |  4- 6 |  7- 9 || total
---------------------------+-------+-------+-------++-------
  Melee: Trident           |    48 |       |       ||    48
         Headbutt          |     6 |     1 |     8 ||    15
         Halberd           |       |    22 |    55 ||    77
    Use: Potion            |     1 |       |     6 ||     7
 Armour: Scale mail        |    24 |       |       ||    24
         Chain mail        |       |    10 |     7 ||    17
  Dodge: Dodged            |    34 |     6 |    11 ||    51
  Block: Buckler           |    11 |       |       ||    11
